 Dungeon Crawl Stone Soup version 0.31-a0-180-g519b7de00c (webtiles) character file.

Game seed: 13797821012023872518

13533 qw the Fighter (level 12, -1/84 HPs)
             Began as a Gargoyle Fighter on June 20, 2023.
             Was a Believer of Okawaru.
             Slain by a blink frog (10 damage)
             ... on level 1 of the Lair of Beasts.
             The game lasted 00:06:12 (9792 turns).

qw the Fighter (Gargoyle Fighter)                   Turns: 9792, Time: 00:06:12

Health: -1/84      AC: 34    Str: 30    XL:     12   Next: 7%
Magic:  14/15      EV: 15    Int: 10    God:    Okawaru [**....]
Gold:   644        SH: 11    Dex:  9    Spells: 11/11 levels left

rFire   . . .        Y - +1 broad axe
rCold   . . .        c - +0 buckler
rNeg    + . .        o - +0 plate armour
rPois   inf          (no helmet)
rElec   +            j - +2 cloak
rCorr   .            w - +2 pair of gloves
SInv    .            e - +1 pair of boots
Will    .....        u - amulet of reflection Stlth
                     t - +6 ring of strength
HPRegen 0.34/turn    k - +5 ring of evasion
MPRegen 0.14/turn

%: reflection
@: heroic, marked
A: sickness immunity, AC +8, negative energy resistance 1, electricity
resistance, torment resistance 1, petrification resistance
a: Renounce Religion, Heroism


You were on level 1 of the Lair of Beasts.
You worshipped Okawaru.
Okawaru was pleased with you.
You visited 3 branches of the dungeon, and saw 12 of its levels.
You also visited: Sewer.

You collected 644 gold pieces.


Innate Abilities, Weirdness & Mutations

You are immune to sickness and miasma.
Your stone body is resilient. (AC +8)
You are immune to poison.
You resist negative energy. (rN+)
You are resistant to electric shocks. (rElec)
You are resistant to unholy torment.
You are immune to petrification.


   Skills:
 - Level 13.6(18.6) Fighting
 + Level 11.6(16.6) Axes
 - Level 2.2(7.2) Throwing
 - Level 8.0(13.0) Armour
 - Level 2.2(7.2) Dodging
 - Level 5.0(10.0) Shields
 - Level 4.1 Invocations


You had 11 spell levels left.
You didn't know any spells.
Your spell library was empty.

Inventory:

Hand Weapons
 l - a +0 flail
 Y - a +1 broad axe (weapon)
Missiles
 f - a boomerang (quivered)
Armour
 c - a +0 buckler (worn)
 e - a +1 pair of boots (worn)
 g - the +0 ring mail of the Fisher {-Tele rPois rCorr Dex-3}
   (You found it on level 4 of the Dungeon)

   Dex:       It affects your dexterity (-3).
   rPois:     It protects you from poison.
   -Tele:     It prevents most forms of teleportation.
   rCorr:     It protects you from acid and corrosion.
 j - a +2 cloak (worn)
 o - a +0 plate armour (worn)
 w - a +2 pair of gloves (worn)
Jewellery
 k - a +5 ring of evasion (right hand)
 t - a +6 ring of strength (left hand)
 u - an amulet of reflection (around neck)
 v - a ring of protection from cold
Scrolls
 r - a scroll of identify
Potions
 a - 2 potions of cancellation
 b - a potion of curing
 d - 2 potions of might
 i - a potion of attraction
 m - a potion of haste
 n - a potion of brilliance {unknown}
 p - 2 potions of lignification
 q - a potion of heal wounds {unknown}
 s - a potion of enlightenment
 x - a potion of degeneration {unknown}
 z - a potion of magic {unknown}

Dungeon Overview and Level Annotations

Branches:
Dungeon (10/15)            Temple (1/1) D:7            Lair (1/5) D:9
    Orc (0/2) D:10          Sewer (visited)

Altars:
Ashenzari
Cheibriados
Dithmenos
Elyvilon
Fedhas
Gozag
Hepliaklqana
Kikubaaqudgha
Makhleb
Nemelex Xobeh
Okawaru
Qazlal
Ru
Sif Muna
Trog
Uskayaw
Vehumet
Wu Jian
Xom
Yredelemnul
Zin
The Shining One

Shops:
D:2 =   D:6 (

Annotations:
D:3 2 transporters, qw's ghost, amateur NaHu
D:10 1 transporter


Message History

You gain the combat prowess of a mighty hero.
You throw a boomerang. The boomerang hits the blink frog!
The blink frog is heavily wounded.
You throw a boomerang.
The boomerang barely misses the blink frog.
The blink frog blinks!
A komodo dragon comes into view.
You throw a boomerang.
The boomerang hits the komodo dragon but does no damage.
You throw a boomerang. The boomerang hits the komodo dragon!
The komodo dragon is moderately wounded.
You throw a boomerang.
The boomerang closely misses the komodo dragon.
You throw a boomerang.
The boomerang closely misses the komodo dragon.
The blink frog blinks!
You throw a boomerang.
The boomerang barely misses the komodo dragon.
The boomerang hits the blink frog but does no damage.
The blink frog is heavily wounded.
The blink frog blinks!
You throw a boomerang.
The boomerang barely misses the komodo dragon.
You throw a boomerang.
The boomerang closely misses the komodo dragon.
You barely miss the komodo dragon.
The komodo dragon is moderately wounded.
The komodo dragon bites you!
You hit the komodo dragon.
The komodo dragon is heavily wounded.
The komodo dragon bites you but does no damage.
You hit the komodo dragon but do no damage.
The komodo dragon is heavily wounded.
You hit the blink frog but do no damage.
You block the blink frog's attack. The komodo dragon bites you.
You hit the komodo dragon.
The komodo dragon is heavily wounded.
You slash the blink frog! The blink frog hits you!
You die...

#.....[.#.....
#.#.......#.....
#.#.......# ....
#.#.......# ...
#.......$.# ...
..#. #..######
#........
#@l......
#..F......
##........
..)......
P....#.P.
##.#... ..
#.#.... .
#.#.....


You could see a komodo dragon and a blink frog.

Vanquished Creatures
  Erolcha (D:9)
  Harold (Lair:1)
  A boulder beetle (D:9)
  Joseph (D:8)
  A black mamba (Lair:1)
  A cane toad (Lair:1)
  A komodo dragon (Lair:1)
  A troll (D:9)
  A hornet (D:9)
  A polar bear (Lair:1)
  3 blink frogs (Lair:1)
  A wraith (D:10)
  A wyvern (D:10)
  2 steam dragons
  12 yaks
  Menkaure (D:5)
  6 water moccasins
  7 orc warriors
  2 sky beasts
  5 ogres
  2 black bears
  3 wolves (Lair:1)
  3 centaurs
  A kobold brigand (D:9)
  2 bullfrogs
  4 scorpions
  7 wights
  5 howler monkeys
  2 jellies (D:6)
  5 orc priests
  A gnoll bouda (D:10)
  5 hounds
  An iguana (D:5)
  3 sleepcaps
  Natasha (thrice) (D:4)
  8 orc wizards
  11 gnolls
  10 adders
  2 white imps (D:7)
  An ufetubus (D:5)
  2 dart slugs
  24 orcs
  12 bats
  4 endoplasms
  6 giant cockroaches
  6 goblins
  3 hobgoblins
  6 jackals
  6 quokkas
  3 ball pythons
  4 frilled lizards
  12 kobolds
  5 rats
222 creatures vanquished.

Notes
Turn   | Place    | Note
-------+----------+-------------------------------------------
     0 | D:1      | qw the Gargoyle Fighter began the quest for the Orb.
     0 | D:1      | Reached XP level 1. HP: 14/14 MP: 1/1
     0 | D:1      | 0 ||| qw: Version: 0.3-a-7-ge0c9b40
     0 | D:1      | 0 ||| qw: Game counter: 1115
     0 | D:1      | 0 ||| qw: Always use a shield: true
     0 | D:1      | 0 ||| qw: God list: Okawaru
     0 | D:1      | 0 ||| qw: Allow faded altars: false
     0 | D:1      | 0 ||| qw: Do Orc after D:15 true
     0 | D:1      | 0 ||| qw: Do second Lair branch before Depths: true
     0 | D:1      | 0 ||| qw: Lair rune preference: random
     0 | D:1      | 0 ||| qw: Plans: Normal, Zot:1-4, Slime:5, God:TSO, Crypt,
                  | Tomb, Abyss, Pan, Hells, Win
     0 | D:1      | 0 ||| PLANNING D:1-11
    58 | D:1      | 58 ||| Stepping ~*~*~tactically~*~*~ (stealth).
    73 | D:1      | Reached XP level 2. HP: 19/19 MP: 2/2
    89 | D:1      | 89 ||| Stepping ~*~*~tactically~*~*~ (stealth).
    90 | D:1      | 90 ||| Stepping ~*~*~tactically~*~*~ (stealth).
   469 | D:1      | You fall into a shaft and drop 1 floor!
   515 | D:2      | Reached skill level 3 in Axes
   516 | D:2      | 516 ||| READING scroll labelled WEKHAY NASAOTH.
   617 | D:2      | 617 ||| READING scroll labelled ACITHUUGHE.
   621 | D:2      | 621 ||| Stepping randomly (stuck).
   622 | D:2      | 622 ||| Stepping randomly (stuck).
   623 | D:2      | 623 ||| Stepping randomly (stuck).
   624 | D:2      | 624 ||| Stepping randomly (stuck).
   625 | D:2      | 625 ||| Stepping randomly (stuck).
   626 | D:2      | 626 ||| Stepping randomly (stuck).
   627 | D:2      | 627 ||| Stepping randomly (stuck).
   628 | D:2      | 628 ||| Stepping randomly (stuck).
   629 | D:2      | 629 ||| Stepping randomly (stuck).
   630 | D:2      | 630 ||| Stepping randomly (stuck).
   631 | D:2      | 631 ||| Stepping randomly (stuck).
   632 | D:2      | 632 ||| Stepping randomly (stuck).
   633 | D:2      | 633 ||| Stepping randomly (stuck).
   634 | D:2      | 634 ||| Stepping randomly (stuck).
   635 | D:2      | 635 ||| Stepping randomly (stuck).
   636 | D:2      | 636 ||| Stepping randomly (stuck).
   637 | D:2      | 637 ||| Stepping randomly (stuck).
   638 | D:2      | 638 ||| Stepping randomly (stuck).
   639 | D:2      | 639 ||| Stepping randomly (stuck).
   640 | D:2      | 640 ||| Stepping randomly (stuck).
   641 | D:2      | 641 ||| Stepping randomly (stuck).
   642 | D:2      | 642 ||| Stepping randomly (stuck).
   643 | D:2      | 643 ||| Stepping randomly (stuck).
   644 | D:2      | 644 ||| Stepping randomly (stuck).
   645 | D:2      | 645 ||| Stepping randomly (stuck).
   646 | D:2      | 646 ||| Stepping randomly (stuck).
   647 | D:2      | 647 ||| Stepping randomly (stuck).
   648 | D:2      | 648 ||| Stepping randomly (stuck).
   649 | D:2      | 649 ||| Stepping randomly (stuck).
   650 | D:2      | 650 ||| Stepping randomly (stuck).
   651 | D:2      | 651 ||| Stepping randomly (stuck).
   652 | D:2      | 652 ||| Stepping randomly (stuck).
   653 | D:2      | 653 ||| Stepping randomly (stuck).
   654 | D:2      | 654 ||| Stepping randomly (stuck).
   655 | D:2      | 655 ||| Stepping randomly (stuck).
   656 | D:2      | 656 ||| Stepping randomly (stuck).
   657 | D:2      | 657 ||| Stepping randomly (stuck).
   658 | D:2      | 658 ||| Stepping randomly (stuck).
   659 | D:2      | 659 ||| Stepping randomly (stuck).
   660 | D:2      | 660 ||| Stepping randomly (stuck).
   661 | D:2      | 661 ||| Stepping randomly (stuck).
   662 | D:2      | 662 ||| Stepping randomly (stuck).
   663 | D:2      | 663 ||| Stepping randomly (stuck).
   664 | D:2      | 664 ||| Stepping randomly (stuck).
   665 | D:2      | 665 ||| Stepping randomly (stuck).
   666 | D:2      | 666 ||| Stepping randomly (stuck).
   667 | D:2      | 667 ||| Stepping randomly (stuck).
   668 | D:2      | 668 ||| Stepping randomly (stuck).
   669 | D:2      | 669 ||| Stepping randomly (stuck).
   670 | D:2      | 670 ||| Stepping randomly (stuck).
   671 | D:2      | 671 ||| Stepping randomly (stuck).
   672 | D:2      | 672 ||| Stepping randomly (stuck).
   673 | D:2      | 673 ||| Stepping randomly (stuck).
   674 | D:2      | 674 ||| Stepping randomly (stuck).
   675 | D:2      | 675 ||| Stepping randomly (stuck).
   676 | D:2      | 676 ||| Stepping randomly (stuck).
   677 | D:2      | 677 ||| Stepping randomly (stuck).
   678 | D:2      | 678 ||| Stepping randomly (stuck).
   679 | D:2      | 679 ||| Stepping randomly (stuck).
   680 | D:2      | 680 ||| Stepping randomly (stuck).
   681 | D:2      | 681 ||| Stepping randomly (stuck).
   682 | D:2      | 682 ||| Stepping randomly (stuck).
   683 | D:2      | 683 ||| Stepping randomly (stuck).
   684 | D:2      | 684 ||| Stepping randomly (stuck).
   685 | D:2      | 685 ||| Stepping randomly (stuck).
   686 | D:2      | 686 ||| Stepping randomly (stuck).
   687 | D:2      | 687 ||| Stepping randomly (stuck).
   688 | D:2      | 688 ||| Stepping randomly (stuck).
   689 | D:2      | 689 ||| Stepping randomly (stuck).
   690 | D:2      | 690 ||| Stepping randomly (stuck).
   691 | D:2      | 691 ||| Stepping randomly (stuck).
   692 | D:2      | 692 ||| Stepping randomly (stuck).
   693 | D:2      | 693 ||| Stepping randomly (stuck).
   694 | D:2      | 694 ||| Stepping randomly (stuck).
   695 | D:2      | 695 ||| Stepping randomly (stuck).
   696 | D:2      | 696 ||| Stepping randomly (stuck).
   697 | D:2      | 697 ||| Stepping randomly (stuck).
   698 | D:2      | 698 ||| Stepping randomly (stuck).
   699 | D:2      | 699 ||| Stepping randomly (stuck).
   700 | D:2      | 700 ||| Stepping randomly (stuck).
   701 | D:2      | 701 ||| Stepping randomly (stuck).
   702 | D:2      | 702 ||| Stepping randomly (stuck).
   703 | D:2      | 703 ||| Stepping randomly (stuck).
   704 | D:2      | 704 ||| Stepping randomly (stuck).
   705 | D:2      | 705 ||| Stepping randomly (stuck).
   706 | D:2      | 706 ||| Stepping randomly (stuck).
   707 | D:2      | 707 ||| Stepping randomly (stuck).
   708 | D:2      | 708 ||| Stepping randomly (stuck).
   709 | D:2      | 709 ||| Stepping randomly (stuck).
   710 | D:2      | 710 ||| Stepping randomly (stuck).
   711 | D:2      | 711 ||| Stepping randomly (stuck).
   712 | D:2      | 712 ||| Stepping randomly (stuck).
   713 | D:2      | 713 ||| Stepping randomly (stuck).
   714 | D:2      | 714 ||| Stepping randomly (stuck).
   715 | D:2      | 715 ||| Stepping randomly (stuck).
   716 | D:2      | 716 ||| Stepping randomly (stuck).
   717 | D:2      | 717 ||| Stepping randomly (stuck).
   718 | D:2      | 718 ||| Stepping randomly (stuck).
   719 | D:2      | 719 ||| Stepping randomly (stuck).
   720 | D:2      | 720 ||| Stepping randomly (stuck).
   721 | D:2      | 721 ||| Stepping randomly (stuck).
   722 | D:2      | 722 ||| Stepping randomly (stuck).
   723 | D:2      | 723 ||| Stepping randomly (stuck).
   724 | D:2      | 724 ||| Stepping randomly (stuck).
   725 | D:2      | 725 ||| Stepping randomly (stuck).
   726 | D:2      | 726 ||| Stepping randomly (stuck).
   727 | D:2      | 727 ||| Stepping randomly (stuck).
   728 | D:2      | 728 ||| Stepping randomly (stuck).
   729 | D:2      | 729 ||| Stepping randomly (stuck).
   730 | D:2      | 730 ||| Stepping randomly (stuck).
   731 | D:2      | 731 ||| Stepping randomly (stuck).
   732 | D:2      | 732 ||| Stepping randomly (stuck).
   733 | D:2      | 733 ||| Stepping randomly (stuck).
   734 | D:2      | 734 ||| Stepping randomly (stuck).
   735 | D:2      | 735 ||| Stepping randomly (stuck).
   736 | D:2      | 736 ||| Stepping randomly (stuck).
   737 | D:2      | 737 ||| Stepping randomly (stuck).
   738 | D:2      | 738 ||| Stepping randomly (stuck).
   739 | D:2      | 739 ||| Stepping randomly (stuck).
   740 | D:2      | 740 ||| Stepping randomly (stuck).
   741 | D:2      | 741 ||| Stepping randomly (stuck).
   742 | D:2      | 742 ||| Stepping randomly (stuck).
   743 | D:2      | 743 ||| Stepping randomly (stuck).
   744 | D:2      | 744 ||| Stepping randomly (stuck).
   745 | D:2      | 745 ||| Stepping randomly (stuck).
   746 | D:2      | 746 ||| Stepping randomly (stuck).
   747 | D:2      | 747 ||| Stepping randomly (stuck).
   748 | D:2      | 748 ||| Stepping randomly (stuck).
   749 | D:2      | 749 ||| Stepping randomly (stuck).
   750 | D:2      | 750 ||| Stepping randomly (stuck).
   751 | D:2      | 751 ||| Stepping randomly (stuck).
   752 | D:2      | 752 ||| Stepping randomly (stuck).
   753 | D:2      | 753 ||| Stepping randomly (stuck).
   754 | D:2      | 754 ||| Stepping randomly (stuck).
   755 | D:2      | 755 ||| Stepping randomly (stuck).
   756 | D:2      | 756 ||| Stepping randomly (stuck).
   757 | D:2      | 757 ||| Stepping randomly (stuck).
   758 | D:2      | 758 ||| Stepping randomly (stuck).
   759 | D:2      | 759 ||| Stepping randomly (stuck).
   760 | D:2      | 760 ||| Stepping randomly (stuck).
   761 | D:2      | 761 ||| Stepping randomly (stuck).
   762 | D:2      | 762 ||| Stepping randomly (stuck).
   763 | D:2      | 763 ||| Stepping randomly (stuck).
   764 | D:2      | 764 ||| Stepping randomly (stuck).
   765 | D:2      | 765 ||| Stepping randomly (stuck).
   766 | D:2      | 766 ||| Stepping randomly (stuck).
   767 | D:2      | 767 ||| Stepping randomly (stuck).
   768 | D:2      | 768 ||| Stepping randomly (stuck).
   769 | D:2      | 769 ||| Stepping randomly (stuck).
   770 | D:2      | 770 ||| Stepping randomly (stuck).
   771 | D:2      | 771 ||| Stepping randomly (stuck).
   772 | D:2      | 772 ||| Stepping randomly (stuck).
   773 | D:2      | 773 ||| Stepping randomly (stuck).
   774 | D:2      | 774 ||| Stepping randomly (stuck).
   775 | D:2      | 775 ||| Stepping randomly (stuck).
   776 | D:2      | 776 ||| Stepping randomly (stuck).
   777 | D:2      | 777 ||| Stepping randomly (stuck).
   778 | D:2      | 778 ||| Stepping randomly (stuck).
   779 | D:2      | 779 ||| Stepping randomly (stuck).
   780 | D:2      | 780 ||| Stepping randomly (stuck).
   781 | D:2      | 781 ||| Stepping randomly (stuck).
   782 | D:2      | 782 ||| Stepping randomly (stuck).
   783 | D:2      | 783 ||| Stepping randomly (stuck).
   784 | D:2      | 784 ||| Stepping randomly (stuck).
   785 | D:2      | 785 ||| Stepping randomly (stuck).
   786 | D:2      | 786 ||| Stepping randomly (stuck).
   787 | D:2      | 787 ||| Stepping randomly (stuck).
   788 | D:2      | 788 ||| Stepping randomly (stuck).
   789 | D:2      | 789 ||| Stepping randomly (stuck).
   790 | D:2      | 790 ||| Stepping randomly (stuck).
   791 | D:2      | 791 ||| Stepping randomly (stuck).
   792 | D:2      | 792 ||| Stepping randomly (stuck).
   793 | D:2      | 793 ||| Stepping randomly (stuck).
   794 | D:2      | 794 ||| Stepping randomly (stuck).
   795 | D:2      | 795 ||| Stepping randomly (stuck).
   796 | D:2      | 796 ||| Stepping randomly (stuck).
   797 | D:2      | 797 ||| Stepping randomly (stuck).
   798 | D:2      | 798 ||| Stepping randomly (stuck).
   799 | D:2      | 799 ||| Stepping randomly (stuck).
   800 | D:2      | 800 ||| Stepping randomly (stuck).
   801 | D:2      | 801 ||| Stepping randomly (stuck).
   802 | D:2      | 802 ||| Stepping randomly (stuck).
   803 | D:2      | 803 ||| Stepping randomly (stuck).
   804 | D:2      | 804 ||| Stepping randomly (stuck).
   805 | D:2      | 805 ||| Stepping randomly (stuck).
   806 | D:2      | 806 ||| Stepping randomly (stuck).
   807 | D:2      | 807 ||| Stepping randomly (stuck).
   808 | D:2      | 808 ||| Stepping randomly (stuck).
   809 | D:2      | 809 ||| Stepping randomly (stuck).
   810 | D:2      | 810 ||| Stepping randomly (stuck).
   811 | D:2      | 811 ||| Stepping randomly (stuck).
   812 | D:2      | 812 ||| Stepping randomly (stuck).
   813 | D:2      | 813 ||| Stepping randomly (stuck).
   814 | D:2      | 814 ||| Stepping randomly (stuck).
   815 | D:2      | 815 ||| Stepping randomly (stuck).
   816 | D:2      | 816 ||| Stepping randomly (stuck).
   817 | D:2      | 817 ||| Stepping randomly (stuck).
   818 | D:2      | 818 ||| Stepping randomly (stuck).
   819 | D:2      | 819 ||| Stepping randomly (stuck).
   820 | D:2      | 820 ||| Stepping randomly (stuck).
   821 | D:2      | 821 ||| Stepping randomly (stuck).
   822 | D:2      | 822 ||| Stepping randomly (stuck).
   823 | D:2      | 823 ||| Stepping randomly (stuck).
   824 | D:2      | 824 ||| Stepping randomly (stuck).
   825 | D:2      | 825 ||| Stepping randomly (stuck).
   826 | D:2      | 826 ||| Stepping randomly (stuck).
   827 | D:2      | 827 ||| Stepping randomly (stuck).
   828 | D:2      | 828 ||| Stepping randomly (stuck).
   829 | D:2      | 829 ||| Stepping randomly (stuck).
   830 | D:2      | 830 ||| Stepping randomly (stuck).
   831 | D:2      | 831 ||| Stepping randomly (stuck).
   832 | D:2      | 832 ||| Stepping randomly (stuck).
   833 | D:2      | 833 ||| Stepping randomly (stuck).
   834 | D:2      | 834 ||| Stepping randomly (stuck).
   835 | D:2      | 835 ||| Stepping randomly (stuck).
   836 | D:2      | 836 ||| Stepping randomly (stuck).
   837 | D:2      | 837 ||| Stepping randomly (stuck).
   838 | D:2      | 838 ||| Stepping randomly (stuck).
   839 | D:2      | 839 ||| Stepping randomly (stuck).
   840 | D:2      | 840 ||| Stepping randomly (stuck).
   841 | D:2      | 841 ||| Stepping randomly (stuck).
   842 | D:2      | 842 ||| Stepping randomly (stuck).
   843 | D:2      | 843 ||| Stepping randomly (stuck).
   844 | D:2      | 844 ||| Stepping randomly (stuck).
   845 | D:2      | 845 ||| Stepping randomly (stuck).
   846 | D:2      | 846 ||| Stepping randomly (stuck).
   847 | D:2      | 847 ||| Stepping randomly (stuck).
   848 | D:2      | 848 ||| Stepping randomly (stuck).
   849 | D:2      | 849 ||| Stepping randomly (stuck).
   850 | D:2      | 850 ||| Stepping randomly (stuck).
   851 | D:2      | 851 ||| Stepping randomly (stuck).
   852 | D:2      | 852 ||| Stepping randomly (stuck).
   853 | D:2      | 853 ||| Stepping randomly (stuck).
   854 | D:2      | 854 ||| Stepping randomly (stuck).
   855 | D:2      | 855 ||| Stepping randomly (stuck).
   856 | D:2      | 856 ||| Stepping randomly (stuck).
   857 | D:2      | 857 ||| Stepping randomly (stuck).
   858 | D:2      | 858 ||| Stepping randomly (stuck).
   859 | D:2      | 859 ||| Stepping randomly (stuck).
   860 | D:2      | 860 ||| Stepping randomly (stuck).
   861 | D:2      | 861 ||| Stepping randomly (stuck).
   862 | D:2      | 862 ||| Stepping randomly (stuck).
   863 | D:2      | 863 ||| Stepping randomly (stuck).
   864 | D:2      | 864 ||| Stepping randomly (stuck).
   865 | D:2      | 865 ||| Stepping randomly (stuck).
   872 | D:2      | 872 ||| Stepping randomly (stuck).
   873 | D:2      | 873 ||| Stepping randomly (stuck).
   874 | D:2      | 874 ||| Stepping randomly (stuck).
   875 | D:2      | 875 ||| Stepping randomly (stuck).
   876 | D:2      | 876 ||| Stepping randomly (stuck).
   877 | D:2      | 877 ||| Stepping randomly (stuck).
   878 | D:2      | 878 ||| Stepping randomly (stuck).
   879 | D:2      | 879 ||| Stepping randomly (stuck).
   880 | D:2      | 880 ||| Stepping randomly (stuck).
   881 | D:2      | 881 ||| Stepping randomly (stuck).
   882 | D:2      | 882 ||| Stepping randomly (stuck).
   883 | D:2      | 883 ||| Stepping randomly (stuck).
   884 | D:2      | 884 ||| Stepping randomly (stuck).
   885 | D:2      | 885 ||| Stepping randomly (stuck).
   886 | D:2      | 886 ||| Stepping randomly (stuck).
   887 | D:2      | 887 ||| Stepping randomly (stuck).
   888 | D:2      | 888 ||| Stepping randomly (stuck).
   889 | D:2      | 889 ||| Stepping randomly (stuck).
   890 | D:2      | 890 ||| Stepping randomly (stuck).
   891 | D:2      | 891 ||| Stepping randomly (stuck).
   892 | D:2      | 892 ||| Stepping randomly (stuck).
   893 | D:2      | 893 ||| Stepping randomly (stuck).
   894 | D:2      | 894 ||| Stepping randomly (stuck).
   895 | D:2      | 895 ||| Stepping randomly (stuck).
   896 | D:2      | 896 ||| Stepping randomly (stuck).
   897 | D:2      | 897 ||| Stepping randomly (stuck).
   898 | D:2      | 898 ||| Stepping randomly (stuck).
   899 | D:2      | 899 ||| Stepping randomly (stuck).
   900 | D:2      | 900 ||| Stepping randomly (stuck).
   901 | D:2      | 901 ||| Stepping randomly (stuck).
   902 | D:2      | 902 ||| Stepping randomly (stuck).
   903 | D:2      | 903 ||| Stepping randomly (stuck).
   904 | D:2      | 904 ||| Stepping randomly (stuck).
   905 | D:2      | 905 ||| Stepping randomly (stuck).
   906 | D:2      | 906 ||| Stepping randomly (stuck).
   943 | D:1      | Reached XP level 3. HP: 17/23 MP: 3/3
   948 | D:1      | 948 ||| FLEEEEING.
   949 | D:1      | 949 ||| FLEEEEING.
   950 | D:1      | 950 ||| FLEEEEING.
   951 | D:1      | 951 ||| FLEEEEING.
   952 | D:1      | 952 ||| FLEEEEING.
   953 | D:1      | 953 ||| FLEEEEING.
   954 | D:1      | 954 ||| FLEEEEING.
   956 | D:1      | 956 ||| FLEEEEING.
   957 | D:1      | 957 ||| FLEEEEING.
   958 | D:1      | 958 ||| FLEEEEING.
  1039 | D:1      | 1039 ||| DROPPING +0 club.
  1187 | D:1      | Found a faded altar of an unknown god.
  1201 | D:1      | 1201 ||| UPGRADING to +0 pair of boots.
  1206 | D:1      | 1206 ||| UPGRADING to amulet of the acrobat.
  1211 | D:1      | 1211 ||| READING scroll labelled CUBLOR HUILLO.
  1260 | D:2      | 1260 ||| Stepping ~*~*~tactically~*~*~ (hiding).
  1261 | D:2      | 1261 ||| Stepping ~*~*~tactically~*~*~ (hiding).
  1262 | D:2      | 1262 ||| Stepping ~*~*~tactically~*~*~ (hiding).
  1263 | D:2      | 1263 ||| Stepping ~*~*~tactically~*~*~ (hiding).
  1264 | D:2      | 1264 ||| Stepping ~*~*~tactically~*~*~ (hiding).
  1451 | D:2      | Found Ceupaofamo's Jewellery Emporium.
  1468 | D:2      | 1468 ||| SHOPLISTING +5 ring of evasion (432 gold, have
                  | 111).
  1468 | D:2      | 1468 ||| SHOPLISTING amulet of regeneration (360 gold, have
                  | 111).
  1468 | D:2      | 1468 ||| SHOPLISTING brooch of Shielding {Spirit SH+8} (780
                  | gold, have 111).
  1468 | D:2      | 1468 ||| SHOPLISTING ring of fire (300 gold, have 111).
  1468 | D:2      | 1468 ||| SHOPLISTING ring of ice (300 gold, have 111).
  1468 | D:2      | 1468 ||| SHOPLISTING ring of protection from cold (300
                  | gold, have 111).
  1729 | D:2      | 1729 ||| READING scroll labelled QALERH TUNUSU.
  1730 | D:2      | 1730 ||| READING scroll labelled KAXOMASYVU.
  1731 | D:2      | 1731 ||| READING scroll labelled LUYJIE QATEHA.
  1780 | D:3      | 1780 ||| Stepping ~*~*~tactically~*~*~ (hiding).
  1928 | D:3      | Found a transporter.
  1932 | D:3      | Noticed qw's ghost (amateur NaHu)
  1936 | D:3      | Found a transporter.
  1957 | D:3      | Reached XP level 4. HP: 28/28 MP: 4/4
  2024 | D:3      | 2024 ||| READING scroll labelled XEICZEMNUMIL.
  2025 | D:3      | 2025 ||| DRINKING 2 brown potions.
  2029 | D:3      | Noticed a scorpion
  2051 | D:3      | Killed a scorpion
  2052 | D:3      | Reached XP level 5. HP: 22/32 MP: 5/5
  2283 | D:3      | 2283 ||| DROPPING +0 whip.
  2482 | D:3      | Reached skill level 4 in Fighting
  2503 | D:3      | 2503 ||| UPGRADING to +2 cloak.
  2541 | D:4      | Identified the +0 ring mail of the Fisher {-Tele rPois
                  | rCorr Dex-3}
  2561 | D:4      | Noticed Natasha
  2561 | D:4      | Noticed a sky beast
  2562 | D:4      | 2562 ||| Stepping ~*~*~tactically~*~*~ (hiding).
  2571 | D:4      | Killed Natasha
  2572 | D:4      | Reached skill level 1 in Dodging
  2572 | D:4      | Reached XP level 6. HP: 22/38 MP: 6/6
  2601 | D:4      | Killed a sky beast
  2726 | D:4      | Noticed a black bear
  2738 | D:4      | Killed a black bear
  2739 | D:4      | Reached skill level 6 in Axes
  2772 | D:4      | 2772 ||| FLEEEEING.
  2773 | D:4      | 2773 ||| FLEEEEING.
  2774 | D:4      | 2774 ||| FLEEEEING.
  2775 | D:4      | 2775 ||| FLEEEEING.
  2822 | D:4      | Noticed Natasha
  2836 | D:4      | Killed Natasha
  2837 | D:4      | Reached XP level 7. HP: 41/43 MP: 7/7
  2898 | D:4      | Noticed Natasha
  2902 | D:4      | Killed Natasha
  3034 | D:4      | 3034 ||| READING scroll of enchant armour.
  3034 | D:4      | 3034 ||| ENCHANTING +0 pair of boots.
  3312 | D:5      | Entered Level 5 of the Dungeon
  3477 | D:5      | Found a bloodstained altar of Trog.
  3675 | D:5      | 3675 ||| Stepping ~*~*~tactically~*~*~ (stealth).
  3677 | D:5      | 3677 ||| Stepping ~*~*~tactically~*~*~ (hiding).
  3680 | D:5      | 3680 ||| Stepping ~*~*~tactically~*~*~ (hiding).
  3687 | D:5      | Reached skill level 5 in Fighting
  3883 | D:5      | Noticed Menkaure
  3892 | D:5      | Killed Menkaure
  3893 | D:5      | Reached XP level 8. HP: 29/49 MP: 8/8
  4449 | D:5      | 4449 ||| UPGRADING to +0 plate armour.
  4459 | D:5      | 4459 ||| DROPPING +0 scale mail.
  4460 | D:5      | 4460 ||| UPGRADING to ring of protection from cold.
  4461 | D:5      | 4461 ||| READING scroll labelled FOVIZE OSHIOCS.
  4494 | D:6      | 4494 ||| PLANNING SEWER
  4658 | D:6      | Found a glowing drain.
  4671 | Sewer    | Entered a sewer
  4757 | Sewer    | 4757 ||| DRINKING 2 fuming ruby potions.
  4758 | Sewer    | 4758 ||| DROPPING potion of berserk rage.
  4778 | D:6      | 4778 ||| PLANNING D:1-11
  4947 | D:6      | Found Quleakh's Weapon Shoppe.
  4983 | D:6      | 4983 ||| UPGRADING to +5 ring of evasion.
  5181 | D:6      | Reached skill level 6 in Fighting
  5181 | D:6      | Reached XP level 9. HP: 56/56 MP: 9/9
  5275 | D:6      | Found a stormy altar of Qazlal.
  5275 | D:6      | Found a snail-covered altar of Cheibriados.
  5524 | D:6      | 5524 ||| UPGRADING to +0 pair of gloves.
  5529 | D:6      | 5529 ||| UPGRADING to +6 ring of strength.
  5531 | D:6      | 5531 ||| DRINKING 2 yellow potions.
  5559 | D:6      | 5559 ||| READING 2 scrolls of identify.
  5559 | D:6      | 5559 ||| IDENTIFYING golden potion
  5597 | D:7      | 5597 ||| Stepping ~*~*~tactically~*~*~ (hiding).
  5598 | D:7      | 5598 ||| Stepping ~*~*~tactically~*~*~ (hiding).
  5616 | D:7      | 5616 ||| Stepping ~*~*~tactically~*~*~ (cloud).
  5645 | D:7      | 5645 ||| FLEEEEING.
  5647 | D:7      | 5647 ||| STAIRDANCE
  5738 | D:7      | 5738 ||| Stepping ~*~*~tactically~*~*~ (hiding).
  5739 | D:7      | 5739 ||| Stepping ~*~*~tactically~*~*~ (hiding).
  5741 | D:7      | 5741 ||| Stepping ~*~*~tactically~*~*~ (hiding).
  5742 | D:7      | 5742 ||| Stepping ~*~*~tactically~*~*~ (hiding).
  5743 | D:7      | 5743 ||| Stepping ~*~*~tactically~*~*~ (hiding).
  5744 | D:7      | 5744 ||| Stepping ~*~*~tactically~*~*~ (hiding).
  5749 | D:7      | Reached skill level 9 in Axes
  5778 | D:7      | 5778 ||| Stepping ~*~*~tactically~*~*~ (stealth).
  5779 | D:7      | 5779 ||| Stepping ~*~*~tactically~*~*~ (stealth).
  5780 | D:7      | 5780 ||| Stepping ~*~*~tactically~*~*~ (stealth).
  5790 | D:7      | 5790 ||| Stepping ~*~*~tactically~*~*~ (stealth).
  5880 | D:7      | 5880 ||| Stepping ~*~*~tactically~*~*~ (hiding).
  6001 | D:7      | 6001 ||| Stepping ~*~*~tactically~*~*~ (hiding).
  6083 | D:7      | Reached skill level 6 in Armour
  6091 | D:7      | Found a hazy altar of Hepliaklqana.
  6123 | D:7      | Found a staircase to the Ecumenical Temple.
  6124 | D:7      | 6124 ||| PLANNING TEMPLE
  6124 | D:7      | 6124 ||| UPGRADING to +2 pair of gloves.
  6134 | D:7      | 6134 ||| DROPPING +0 pair of gloves.
  6135 | D:7      | 6135 ||| READING scroll labelled HILOCOA UR HAN.
  6136 | D:7      | 6136 ||| READING 2 scrolls of identify.
  6136 | D:7      | 6136 ||| IDENTIFYING inky potion
  6137 | D:7      | 6137 ||| DRINKING potion of experience.
  6137 | D:7      | Reached skill level 13 in Fighting
  6137 | D:7      | Reached XP level 10. HP: 74/74 MP: 10/10
  6146 | Temple   | Entered the Ecumenical Temple
  6393 | Temple   | 6393 ||| PLANNING D:1-11
  6789 | D:8      | Noticed Joseph
  6806 | D:8      | Killed Joseph
  6887 | D:8      | 6887 ||| Stepping ~*~*~tactically~*~*~ (cloud).
  6900 | D:8      | 6900 ||| Stepping ~*~*~tactically~*~*~ (cloud).
  7117 | D:8      | Found a glowing silver altar of Zin.
  7248 | D:8      | Found a sparkling altar of Nemelex Xobeh.
  7249 | D:8      | 7249 ||| Stepping ~*~*~tactically~*~*~ (hiding).
  7283 | D:8      | Found a sacrificial altar of Ru.
  7390 | D:8      | 7390 ||| READING 2 scrolls labelled VOIS TAPTOSS.
  7391 | D:8      | 7391 ||| DROPPING scroll of fog.
  7430 | D:9      | 7430 ||| Stepping ~*~*~tactically~*~*~ (hiding).
  7431 | D:9      | 7431 ||| Stepping ~*~*~tactically~*~*~ (hiding).
  7525 | D:9      | Noticed Erolcha
  7526 | D:9      | 7526 ||| Stepping ~*~*~tactically~*~*~ (hiding).
  7527 | D:9      | 7527 ||| Stepping ~*~*~tactically~*~*~ (hiding).
  7529 | D:9      | 7529 ||| Stepping ~*~*~tactically~*~*~ (hiding).
  7530 | D:9      | 7530 ||| Stepping ~*~*~tactically~*~*~ (hiding).
  7539 | D:9      | Killed Erolcha
  7584 | D:9      | Reached XP level 11. HP: 59/79 MP: 11/11
  7671 | D:9      | 7671 ||| Stepping ~*~*~tactically~*~*~ (hiding).
  7672 | D:9      | 7672 ||| Stepping ~*~*~tactically~*~*~ (hiding).
  7673 | D:9      | 7673 ||| Stepping ~*~*~tactically~*~*~ (hiding).
  7725 | D:9      | Noticed a boulder beetle
  7763 | D:9      | Killed a boulder beetle
  7879 | D:9      | 7879 ||| Stepping ~*~*~tactically~*~*~ (stealth).
  7881 | D:9      | 7881 ||| Stepping ~*~*~tactically~*~*~ (stealth).
  7916 | D:9      | 7916 ||| SWAPPING to +1 war axe.
  7917 | D:9      | 7917 ||| DROPPING +0 war axe.
  8229 | D:9      | Found a staircase to the Lair.
  8249 | D:9      | 8249 ||| SWAPPING to +0 broad axe.
  8306 | D:9      | 8306 ||| DROPPING +1 war axe.
  8497 | D:9      | 8497 ||| UPGRADING to amulet of reflection.
  8507 | D:9      | 8507 ||| DROPPING amulet of the acrobat.
  8528 | D:10     | Entered Level 10 of the Dungeon
  8609 | D:10     | Found a transporter.
  8831 | D:10     | Found an iron altar of Okawaru.
  8832 | D:10     | 8832 ||| PLANNING OKAWARU WORSHIP
  8832 | D:10     | 8832 ||| READING scroll labelled LIRYAVV JIELLO.
  8833 | D:10     | 8833 ||| READING 2 scrolls of identify.
  8833 | D:10     | 8833 ||| IDENTIFYING fuming green potion
  8841 | D:10     | Became a worshipper of Warmaster Okawaru
  8842 | D:10     | 8842 ||| PLANNING D:1-11
  8852 | D:10     | Identified the +2 whip "Tiniapt" {venom, Int+4 Dex+2}
  8967 | D:10     | 8967 ||| Stepping ~*~*~tactically~*~*~ (hiding).
  9010 | D:10     | 9010 ||| Stepping ~*~*~tactically~*~*~ (stealth).
  9012 | D:10     | 9012 ||| Stepping ~*~*~tactically~*~*~ (hiding).
  9025 | D:10     | 9025 ||| DRINKING 2 potions of curing.
  9025 | D:10     | 9025 ||| (to cure confusion)
  9067 | D:10     | Found a staircase to the Orcish Mines.
  9522 | D:10     | 9522 ||| PLANNING LAIR
  9522 | D:10     | 9522 ||| DROPPING +1 cloak.
  9557 | Lair:1   | Entered Level 1 of the Lair of Beasts
  9574 | Lair:1   | Reached * piety under Okawaru
  9575 | Lair:1   | 9575 ||| INVOKING Heroism.
  9583 | Lair:1   | Reached skill level 1 in Invocations
  9638 | Lair:1   | 9638 ||| INVOKING Heroism.
  9698 | Lair:1   | 9698 ||| INVOKING Heroism.
  9700 | Lair:1   | Noticed Harold
  9714 | Lair:1   | HP: 17/79 [polar bear (23)]
  9715 | Lair:1   | 9715 ||| READING 6 scrolls of teleportation.
  9718 | Lair:1   | 9718 ||| INVOKING Heroism.
  9719 | Lair:1   | 9719 ||| READING 5 scrolls of teleportation.
  9721 | Lair:1   | HP: 14/79 [blink frog (5)]
  9725 | Lair:1   | 9725 ||| READING 4 scrolls of teleportation.
  9729 | Lair:1   | Reached skill level 3 in Invocations
  9731 | Lair:1   | 9731 ||| READING 3 scrolls of teleportation.
  9734 | Lair:1   | Killed Harold
  9734 | Lair:1   | Reached ** piety under Okawaru
  9735 | Lair:1   | Reached XP level 12. HP: 19/84 MP: 11/14
  9738 | Lair:1   | 9738 ||| FLEEEEING.
  9739 | Lair:1   | 9739 ||| FLEEEEING.
  9740 | Lair:1   | 9740 ||| READING 2 scrolls of teleportation.
  9741 | Lair:1   | 9741 ||| INVOKING Heroism.
  9741 | Lair:1   | HP: 16/84 [water moccasin (6)]
  9750 | Lair:1   | 9750 ||| READING scroll of teleportation.
  9779 | Lair:1   | 9779 ||| INVOKING Heroism.
  9789 | Lair:1   | HP: 15/84 [komodo dragon (14)]
  9792 | Lair:1   | Slain by a blink frog

Levels and vault maps discovered:
D:1:      dpeg_arrival_rooms_c, layout_loops_cross,
          shapermc_ecumenical_altar_pompeii, nrook_campfire
D:2:      layout_rooms, serial_shops, nicolae_shop_hallway_plus
D:3:      layout_rooms, gammafunk_ghost_arena, serial_corexii_hall,
          corexii_hall_statues_i, corexii_hall_statues_u,
          chequers_hall_statues_wall_a, corexii_hall_statues_i, st_stairs_12
D:4:      layout_loops_ring, serial_glass, glass_columns_b, glass_columns_c,
          glass_columns_a, glass_columns_a, glass_columns_b,
          due_unseen_surprise, feat_on_display, uniq_natasha
D:5:      layout_basic, overflow_temple_1_default, minmay_misc_feat_iff,
          minmay_misc_feat_pillars, nicolae_half_adder, uniq_menkaure
D:6:      layout_loops_corners, gammafunk_temple_overflow_pools,
          portal_sewer_entry_f, serial_shops, shop
D:7:      layout_basic, nicolae_hepliaklqana_hazy_memory,
          lemuel_temple_firewalk_a
D:8:      layout_loops_ring, nicolae_ru_sacrificial_ziggurat, lemuel_tele_altar,
          kennysheep_little_box, uniq_joseph
D:9:      layout_gridville, lair_entry_dummy, palyth_stone_intersect,
          nzn_sisyphean_effort, uniq_erolcha
D:10:     layout_basic, okawaru_trees_1, david_orc_4, nicolae_diode_basic
Temple:   minmay_temple_curvy_branch
Lair:1:   layout_regular_city, uniq_harold

Skill      XL: |  1  2  3  4  5  6  7  8  9 10 11 12 |
---------------+-------------------------------------+-----
Axes           | 2 3 4 5 6 7 8 9 10 11 | 11.6
Fighting       | 4 5 6 13 | 13.6
Dodging        | 1 2 |  2.2
Throwing       | 2 |  2.2
Armour         | 5 6 8 |  8.0
Shields        | 4 5 |  5.0
Invocations    | 3 4 |  4.1

Action                     |  1- 3 |  4- 6 |  7- 9 | 10-12 || total
---------------------------+-------+-------+-------+-------++-------
  Melee: War axe           |   150 |   105 |   235 |   122 ||   612
         Broad axe         |       |       |       |   181 ||   181
  Throw: Boomerang         |       |       |    99 |    41 ||   140
 Invoke: Heroism           |       |       |       |     6 ||     6
    Use: Scroll            |     6 |     1 |     5 |     9 ||    21
         Potion            |       |     1 |     3 |     1 ||     5
 Armour: Scale mail        |    87 |    76 |    60 |       ||   223
         Plate armour      |       |       |    82 |   152 ||   234
  Dodge: Dodged            |    67 |    51 |    82 |   147 ||   347
  Block: Buckler           |    34 |    18 |    38 |    94 ||   184

Table legend:
 A = Non-vault XP
 B = Vault XP
 C = Vault XP percentage of total XP
 D = Non-vault monster count
 E = Vault monster count
 F = Vault count percentage of total count
                 A         B        C        D         E       F
            +---------+---------+-------+---------+---------+-------
      Total |   11610 |    4230 |  26.7 |     182 |      40 |  18.0
            +---------+---------+-------+---------+---------+-------
        D:1 |      39 |       0 |   0.0 |      26 |       0 |   0.0
        D:2 |      31 |       0 |   0.0 |      12 |       0 |   0.0
        D:3 |     216 |       2 |   0.9 |      18 |       1 |   5.3
        D:4 |     421 |      37 |   8.1 |      14 |       1 |   6.7
        D:5 |     477 |     238 |  33.3 |      11 |       6 |  35.3
        D:6 |     975 |       8 |   0.8 |      18 |       4 |  18.2
        D:7 |    1001 |       0 |   0.0 |      16 |       0 |   0.0
        D:8 |     544 |     455 |  45.5 |       8 |       1 |  11.1
        D:9 |    2480 |    1711 |  40.8 |      29 |       2 |   6.5
       D:10 |    1445 |     753 |  34.3 |      12 |      17 |  58.6
     Lair:1 |    3981 |     871 |  18.0 |      18 |       1 |   5.3
      Sewer |       0 |     155 | 100.0 |       0 |       7 | 100.0
            +---------+---------+-------+---------+---------+-------
